AoeStats
← 飛衫走奶

African Clearing

510351452Analyzed
4v4 RM · 20h ago on Sep 30, 2026· 80m 35s· 8 players
Game mode
Random Map
Map size
Large (8 player)
Population
200
Speed
Normal
Resources
Standard
Victory
Conquest
Starting age
Dark Age
Ending age
Imperial Age
RankedLock teamsTeams togetherTeam positionsShared explorationLock speedFull tech treeHidden civsTurbo modeCheats
Victory
Defeat
🇹🇼 Mongols · Taiwan
1421
+13
🇭🇰 Inca · Hong Kong SAR China
1415
+14
🇨🇳 Berbers · China
1402
+14
🇦🇷 Vietnamese · Argentina
1329
+17
🇺🇸 Spanish · United States
1407
-16
🇩🇪 Mongols · Germany
1363
-15
🇨🇱 Berbers · Chile
1337
-14
🇩🇪 Chinese · Germany
1333
-13
M*rpheu$
10:23 Loom
12:27 Feudal Age
20:11 Castle Age
21:05 Bloodlines
25:02 Horse Collar
25:53 Scale Barding Armor
28:33 Husbandry
30:24 Wheelbarrow
30:22 Forging
31:03 Chain Barding Armor
33:36 Iron Casting
36:58 Heavy Plow
38:11 Town Watch
38:41 Hand Cart
41:04 Town Patrol
47:55 Stone Mining
47:55 Gold Mining
47:54 Double-Bit Axe
49:29 Bow Saw
57:25 Imperial Age
57:32 Elite Steppe Lancer
58:59 Gold Shaft Mining
58:59 Stone Shaft Mining
61:09 Blast Furnace
ttmenti88
3:41 Loom
13:16 Feudal Age
17:27 Castle Age
15:46 Double-Bit Axe
16:02 Horse Collar
18:22 Bow Saw
20:46 Fletching
23:24 Bodkin Arrow
26:15 Wheelbarrow
27:40 Padded Archer Armor
28:00 Thumb Ring
29:06 Heavy Plow
30:21 Ballistics
33:33 Imperial Age
31:18 Hand Cart
33:12 Forging
33:02 Scale Mail Armor
35:44 Iron Casting
38:10 Conscription
37:55 Bracer
38:22 Leather Archer Armor
39:17 Chemistry
37:50 Pikeman
39:35 Blast Furnace
42:05 Elite Chu Ko Nu
43:24 Arson
43:42 Capped Ram
44:48 Chain Mail Armor
44:31 Halberdier
45:11 Squires
46:21 Plate Mail Armor
48:05 Siege Ram
50:00 Ring Archer Armor
50:56 Two-Man Saw
58:52 Scale Barding Armor
59:54 Chain Barding Armor
59:46 Bloodlines
59:37 Husbandry
58:57 Light Cavalry
64:41 Plate Barding Armor
AML4554
7:44 Loom
16:06 Feudal Age
18:16 Fletching
22:21 Castle Age
26:26 Double-Bit Axe
34:30 Wheelbarrow
33:54 Horse Collar
39:06 Imperial Age
40:37 Imperial Age
43:36 Supremacy
62:03 Town Watch
62:37 Bow Saw
64:07 Hand Cart
65:14 Ballistics
65:55 Chemistry
65:27 Bodkin Arrow
65:38 Padded Archer Armor
66:47 Hoardings
66:38 Thumb Ring
66:46 Thumb Ring
66:05 Elite Genitour
NPG | Kraxher
2:46 Loom
13:06 Feudal Age
13:42 Double-Bit Axe
17:21 Forging
22:56 Bloodlines
23:18 Town Watch
23:58 Scale Barding Armor
24:32 Horse Collar
28:03 Castle Age
27:17 Gold Mining
28:04 Light Cavalry
31:16 Wheelbarrow
32:04 Chain Barding Armor
32:57 Gold Shaft Mining
33:09 Pikeman
37:26 Bow Saw
39:18 Fletching
41:06 Bodkin Arrow
44:13 Padded Archer Armor
47:00 Imperial Age
45:25 Hand Cart
45:29 Leather Archer Armor
47:08 Stone Mining
47:04 Heavy Camel Rider
48:23 Plate Barding Armor
48:23 Husbandry
48:40 Elite Genitour
49:01 Cavalier
52:43 Heavy Plow
54:24 Iron Casting
56:51 Chemistry
56:12 Ballistics
56:50 Bracer
62:03 Hussar
70:46 Ring Archer Armor
73:28 Blast Furnace
jardan1234
7:33 Loom
12:27 Feudal Age
16:34 Castle Age
14:46 Double-Bit Axe
16:01 Gold Mining
26:26 Horse Collar
31:36 Fletching
36:02 Bodkin Arrow
36:29 Ballistics
40:32 Scale Mail Armor
42:26 Chain Mail Armor
42:22 Padded Archer Armor
48:16 Forging
48:40 Pikeman
49:20 Squires
54:31 Imperial Age
51:34 Champi Runner
54:45 Capped Ram
飛衫走奶
4:27 Loom
13:21 Feudal Age
21:06 Wheelbarrow
21:14 Horse Collar
21:19 Double-Bit Axe
25:15 Castle Age
24:17 Fletching
24:24 Gold Mining
24:26 Stone Mining
26:32 Bow Saw
26:46 Bodkin Arrow
31:16 Ballistics
31:53 Padded Archer Armor
33:01 Husbandry
33:12 Bloodlines
35:15 Leather Archer Armor
40:21 Forging
40:16 Scale Barding Armor
44:28 Light Cavalry
50:12 Imperial Age
50:04 Iron Casting
49:50 Chain Barding Armor
51:16 Conscription
53:47 Bracer
55:03 Chemistry
56:08 Blast Furnace
55:54 Elite Mangudai
57:15 Drill
56:56 Nomads
56:29 Light Cavalry
58:12 Hussar
59:26 Siege Engineers
59:17 Capped Ram
65:20 Gold Shaft Mining
69:54 Hand Cart
69:42 Heavy Plow
70:19 Stone Shaft Mining
76:50 Siege Ram
SunnY
3:55 Loom
13:28 Feudal Age
14:23 Double-Bit Axe
18:53 Bloodlines
24:48 Castle Age
29:46 Fletching
32:04 Bodkin Arrow
32:39 Padded Archer Armor
37:20 Leather Archer Armor
44:00 Imperial Age
42:25 Kasbah
43:29 Ballistics
45:18 Wheelbarrow
44:52 Bracer
46:20 Chemistry
47:21 Thumb Ring
49:06 Hand Cart
49:21 Elite Genitour
50:05 Horse Collar
51:02 Conscription
51:43 Maghrebi Camels
52:01 Elite Camel Archer
55:06 Capped Ram
58:00 Elite Skirmisher
63:37 Light Cavalry
64:17 Husbandry
64:12 Hussar
64:59 Scale Barding Armor
65:25 Ring Archer Armor
65:06 Forging
66:38 Chain Barding Armor
73:52 Plate Barding Armor
73:53 Iron Casting
79:20 Town Watch
Owen Guillermo Crippa
14:35 Feudal Age
15:56 Double-Bit Axe
18:35 Castle Age
19:29 Wheelbarrow
24:22 Loom
24:22 Town Watch
25:32 Bow Saw
25:02 Horse Collar
26:38 Hand Cart
26:25 Heavy Plow
27:42 Gold Mining
28:47 Forging
28:50 Stone Mining
30:27 Bloodlines
30:19 Husbandry
31:04 Scale Barding Armor
32:03 Iron Casting
34:57 Fletching
35:41 Padded Archer Armor
38:25 Leather Archer Armor
38:33 Ballistics
41:23 Imperial Age
40:12 Bodkin Arrow
40:00 Treadmill Crane
41:31 Elite Battle Elephant
43:13 Paper Money
44:07 Thumb Ring
44:13 Elite Rattan Archer
46:00 Ring Archer Armor
45:30 Bracer
46:33 Chemistry
48:24 Masonry
49:04 Chatras
52:59 Elite Skirmisher
53:45 Thumb Ring
54:25 Chain Barding Armor
54:12 Siege Engineers
54:25 Light Cavalry
55:45 Plate Barding Armor
54:40 Imperial Skirmisher
78:15 Crop Rotation
78:46 Two-Man Saw
78:22 Stone Shaft Mining
Connection lost

Rejoining the realm…

Still unreachable

The connection could not be restored.

Session expired

The server has moved on; the page needs a fresh start.